 Dungeon Crawl Stone Soup version 0.22-a0-525-gf69a080 (webtiles) character file.

141 kae the Insei (level 5, -6/38 HPs)
             Began as a Demonspawn Transmuter on June 21, 2018.
             Killed by nerve-wracking pain
             ... invoked by Grinder
              (12 damage)
             ... on level 3 of the Dungeon.
             The game lasted 00:02:25 (2825 turns).

kae the Insei (Demonspawn Transmuter)               Turns: 2825, Time: 00:02:26

Health: -6/38      AC:  3    Str: 11    XL:     5   Next: 3%
Magic:  8/8        EV: 11    Int: 14    God:
Gold:   95         SH:  3    Dex: 12    Spells: 8/9 levels left

rFire    . . .     SeeInvis .   c - +2 short sword (elec)
rCold    . . .     Gourm    .   g - +0 buckler
rNeg     . . .     Faith    .   b - +1 robe
rPois    .         Spirit   .   (no helmet)
rElec    .         Reflect  .   (no cloak)
rCorr    .         Harm     .   (no gloves)
MR       .....                  (boots currently unavailable)
Stlth    +.........             (no amulet)
HPRegen  0.12/turn              (no ring)
MPRegen  0.11/turn              (no ring)

@: appendage (expiring)
A: claws 2, talons 3, clumsy 1, wild magic 1
a: End Transformation


You were on level 3 of the Dungeon.
You were not hungry.
You had grown temporary talons.
You visited 1 branch of the dungeon, and saw 3 of its levels.

You collected 95 gold pieces.

Inventory:

Hand Weapons
 c - a +2 short sword of electrocution (weapon)
Missiles
 a - 12 arrows
Armour
 b - a +1 robe (worn)
 g - a +0 buckler (worn)
Jewellery
 i - a +5 ring of dexterity {unknown}
 j - an uncursed ring of ice {unknown}
 m - a +2 amulet of reflection {unknown}
Potions
 k - a potion of curing
Comestibles
 d - 5 rations


   Skills:
 + Level 2.1 Fighting
 - Level 1.7 Dodging
 + Level 1.0 Shields
 * Level 3.8 Unarmed Combat
 + Level 2.6 Spellcasting
 + Level 2.5 Transmutations


You had 8 spell levels left.
You knew the following spells:

 Your Spells              Type           Power        Failure   Level  Hunger
a - Beastly Appendage     Tmut           ##....       16%         1    #......

Your spell library contained the following spells:

 Spells                   Type           Power        Failure   Level  Hunger
 Spider Form              Tmut/Pois      #.........   58%         3    ###....
 Blade Hands              Tmut           ##........   98%         5    ######.
 Ice Form                 Ice/Tmut       #.......     92%         4    #####..
 Sticks to Snakes         Tmut           ##......     24%         2    ###....


Dungeon Overview and Level Annotations

Branches:
Dungeon (3/15)

Altars:

Annotations:
D:3 Grinder


Innate Abilities, Weirdness & Mutations

You have very sharp fingernails.
You have claws for feet.
You are clumsy. (Dex -2)
Your spells are a little harder to cast, but a little more powerful.


Message History

Unknown command.
You hit Grinder. Your kick misses Grinder.
Grinder is moderately wounded.
Grinder hits you!
* * * LOW HITPOINT WARNING * * *
You writhe in agony.
* * * LOW HITPOINT WARNING * * *
You closely miss Grinder.
Grinder is moderately wounded.
Grinder gestures at you. You resist with significant effort.
You hit Grinder. Lightning courses through Grinder!
Grinder is almost dead.
Grinder barely misses you.
Unknown command.
You barely miss Grinder.
Grinder is almost dead.
Grinder gestures at you. Pain shoots through your body!
You die...

#..#.<# ..#...
##...>.# ... ..
###......###
.†.(.......# ###
.##.##.#.#.# ##.##
.##.##.#.#.####...##
.##.##.#.# . .....>#
.##......# ## #%5.#
....##.### #@#
.#####.# #.# ## ...
####.#### #.......#
#.##.##.# # #.##.# #
#.##.# #.##.##.#
#.......#


You could see Grinder.

Vanquished Creatures
  A hound (D:3)
  3 adders (D:2)
  3 worms
  A dart slug (D:2)
  4 leopard geckos
  6 bats
  5 giant cockroaches
  10 goblins
  8 hobgoblins
  6 jackals
  8 kobolds
  A quokka (D:2)
  3 frilled lizards
  7 rats
66 creatures vanquished.

Notes
Turn   | Place    | Note
-------+----------+-------------------------------------------
     0 | D:1      | kae the Demonspawn Transmuter began the quest for the Orb.
     0 | D:1      | Reached XP level 1. HP: 15/15 MP: 3/3
   134 | D:1      | Gained mutation: You have sharp fingernails. [demonic ancestry]
   134 | D:1      | Reached XP level 2. HP: 16/21 MP: 5/5
   399 | D:1      | Reached skill level 3 in Unarmed Combat
   976 | D:2      | Reached XP level 3. HP: 24/26 MP: 6/6
  1160 | D:2      | Gained mutation: You have very sharp fingernails. [demonic ancestry]
  1160 | D:2      | Reached XP level 4. HP: 22/33 MP: 7/7
  2261 | D:3      | Noticed Grinder
  2262 | D:3      | Paralysed by Grinder for 7 turns
  2274 | D:3      | Gained mutation: You are clumsy. (Dex -2) [potion of mutation]
  2274 | D:3      | Gained mutation: Your spells are a little harder to cast, but a little more powerful. [potion of mutation]
  2508 | D:3      | Paralysed by Grinder for 7 turns
  2559 | D:3      | Reached skill level 1 in Shields
  2563 | D:3      | Reached XP level 5. HP: 35/38 MP: 8/8
  2819 | D:3      | Paralysed by Grinder for 3 turns
  2825 | D:3      | Killed from afar by Grinder

Vault maps used:
D:1:      sevenhm_arrival_forest_fort_small_3
D:3:      trog_wizard, uniq_grinder

Skill      XL: |  1  2  3  4 |
---------------+-------------+-----
Unarmed Combat | 3 |  3.8
Transmutations | 2 |  2.5
Fighting       | 2 |  2.1
Shields        | 1 |  1.0
Dodging        | |  1.7
Spellcasting   | |  2.6

Action                   |  1- 3 |  4- 6 || total
-------------------------+-------+-------++-------
Melee: Unarmed           |    16 |       ||    16
       Short sword       |    72 |    84 ||   156
       Kick              |     1 |     1 ||     2
       Headbutt          |       |     2 ||     2
 Cast: Beastly Appendage |     2 |     6 ||     8
  Use: Scroll            |       |     3 ||     3
       Potion            |       |     5 ||     5
 Stab: Sleeping          |     2 |       ||     2
  Eat: Chunk             |       |     6 ||     6
Armor: Robe              |    24 |    15 ||    39
Dodge: Dodged            |    49 |    51 ||   100
Block: Buckler           |    10 |    11 ||    21

Table legend:
 A = Spawn XP
 B = Non-spawn XP
 C = Spawn XP percentage of total XP
 D = Spawn monster count
 E = Non-spawn monster count
 F = Spawn count percentage of total count
 G = Total turns spent on level
                    A         B        C        D         E        F      G
               +---------+---------+-------+---------+---------+-------+---------
         Total |       0 |     202 |   0.0 |       0 |      66 |   0.0 |  2825
               +---------+---------+-------+---------+---------+-------+---------
           D:1 |       0 |      40 |   0.0 |       0 |      26 |   0.0 |   973
           D:2 |       0 |      97 |   0.0 |       0 |      31 |   0.0 |  1388
           D:3 |       0 |      65 |   0.0 |       0 |       9 |   0.0 |   464
               +---------+---------+-------+---------+---------+-------+---------
